Cogmind - Beta 12 @@@ ROGUE MODE // 2024.02.11 @ 02:05:03 Player: Treadwheel Result: Destroyed by G-47 Trooper with Particle Gun Performance ------------- Evolutions (0) 0 Regions Visited (2) 400 Robots Destroyed (18) 90 Value Destroyed (407) 407 Prototype IDs (0) 0 Alien Tech Used (0) 0 Bonus (0) 0 TOTAL SCORE: 897 Bonus ------- None Cogmind --------- Core Integrity 0/250 Matter 300/300 Energy 250/250 System Corruption 0% Temperature Cool (9) Movement Walking (190) Ox1 Location -10/Mines Parts ------- > --- POWER (1) -------- Ion Engine > --- PROPULSION (2) --- Aluminum Leg Aluminum Leg > --- UTILITY (2) ------ Medium Storage Unit Signal Interpreter > --- WEAPON (2) ------- Particle Gun Autogun > --- INVENTORY (10) --- Ion Engine Aluminum Leg Aluminum Leg Aluminum Leg Improved Heat Sink Structural Scanner Seismic Detector Improved Targeting Computer Assault Rifle Grenade Launcher Peak State ------------ > --- POWER ------------ Ion Engine > --- PROPULSION ------- Aluminum Leg Aluminum Leg > --- UTILITY ---------- Improved Heat Sink Small Storage Unit > --- WEAPON ----------- Particle Gun Particle Gun > --- INVENTORY -------- Light Ion Engine Aluminum Leg Aluminum Leg Aluminum Leg Improved Terrain Scanner Small Laser Assault Rifle Mining Laser [Rating: 12] Favorites ----------- Power Ion Engine Engine Ion Engine Propulsion Aluminum Leg Treads Light Treads Leg Aluminum Leg Utility Medium Storage Unit Device Improved Heat Sink Storage Medium Storage Unit Processor Signal Interpreter Weapon Particle Gun Energy Gun Particle Gun Ballistic Gun Autogun Build | -11 -10 -10 ------- Run | Jun Mat Min Slots Evolved . | . . . Power . | . . . Propulsion . | . . . Utility . | . . . Weapon . | . . . Parts Attached 23 | 8 15 . Power 4 | 1 3 . Engine 4 | 1 3 . Core . | . . . Reactor . | . . . Propulsion 7 | 2 5 . Treads 2 | 2 . . Leg 5 | . 5 . Wheel . | . . . Hover . | . . . Flight . | . . . Utility 7 | 3 4 . Device 4 | 2 2 . Storage 2 | 1 1 . Processor 1 | . 1 . Hackware . | . . . Protection . | . . . Artifact . | . . . Weapon 5 | 2 3 . Energy Gun 3 | 1 2 . Energy Cannon . | . . . Ballistic Gun 2 | 1 1 . Ballistic Cannon . | . . . Launcher . | . . . Special Weapon . | . . . Impact Weapon . | . . . Slashing Weapon . | . . . Piercing Weapon . | . . . Special Melee Weapon . | . . . Unidentified Prototypes . | . . . Parts Lost 7 | . 7 . Power 2 | . 2 . Propulsion 3 | . 3 . Utility 1 | . 1 . Weapon 1 | . 1 . Highest Loss Streak 4 | . 4 . To Critical Strikes . | . . . Average Slot Usage (%) 98 | . 97 100 Engine 13 | . 13 14 Treads 3 | . 4 . Leg 24 | . 22 28 Device 4 | . 5 . Storage 14 | . 14 14 Processor 9 | . 7 14 Energy Gun 15 | . 15 14 Ballistic Gun 12 | . 11 14 Naked Turns . | . . . Heaviest Build 22 | 12 22 21 Greatest Support 40 | 40 40 20 Greatest Overweight (x) 4 | . 4 1 Average Overweight (x) . | . . 1 Largest Inventory Capacity 10 | 8 10 10 Average Capacity 9 | 7 9 10 Most Carried 10 | 8 10 10 Average Carried 8 | 6 9 10 Final Capacity 10 | 8 10 10 Final Carried 10 | 8 10 10 Class Distribution -------------------- 83% | Mutant 16% | Scavenger-Mutant Dominant Class ---------------- Mutant | -10/Materials Mutant | -10/Mines Resources | -11 -10 -10 ----------- Run | Jun Mat Min Matter Collected 557 | 337 220 . Remotely . | . . . Salvage Created 587 | 183 404 . Parts 45 | 22 23 . Haulers Intercepted . | . . . Recyclers Shooed . | . . . Parts Field Recycled . | . . . Retrieved Matter . | . . . Parts Self-Destructed . | . . . Prevented . | . . . Kills | -11 -10 -10 ------- Run | Jun Mat Min Combat Hostiles Destroyed 8 | . 8 . Melee 1 | . 1 . Guns 7 | . 7 . Classes Destroyed 4 | 2 2 . Tunneler 6 | 6 . . Recycler 2 | 1 1 . Watcher 2 | . 2 . Grunt 8 | . 8 . Best Kill Streak 4 | 4 2 . Combat Bots Only 2 | . 2 . Max Kills in Single Turn 1 | 1 1 . Gunslinging . | . . . Exploded . | . . . Melee 1 | . 1 . Uniques/NPCs Destroyed . | . . . Combat | -11 -10 -10 -------- Run | Jun Mat Min Damage Taken 1092 | . 1077 15 Core 257 | . 242 15 Absorbed by Shields . | . . . Regen/Repaired (Parts) 49 | . 49 . Core Remaining (%) 100 | 100 . . Volleys Fired 56 | 19 37 . Largest 2 | 2 2 . Hottest 130 | 60 130 . Shots Fired 110 | 37 73 . Gun 110 | 37 73 . Cannon . | . . . Launcher . | . . . Special . | . . . Kinetic 47 | 19 28 . Thermal 63 | 18 45 . Explosive . | . . . Electromagnetic . | . . . Robot Hit Streak 12 | 4 12 . Robot Miss Streak 5 | 4 5 . Penetration Max . | . . . Secondary Targets 2 | . 2 . Max Gunslinging Chain 1 | . 1 . Shots Hit Robots 71 | 21 50 . Core Hits 29 | 8 21 . Critical Kills . | . . . Critical Parts Destroyed . | . . . Critical Strikes 1 | . 1 . Burn 1 | . 1 . Melee Attacks . | . . . Impact . | . . . Slashing . | . . . Piercing . | . . . Sneak Attacks . | . . . Combat Hostiles . | . . . Follow-up Attacks . | . . . Damage Inflicted 926 | 246 680 . Guns 921 | 246 675 . Cannons . | . . . Explosions . | . . . Melee . | . . . Ramming 5 | . 5 . Kinetic 412 | 159 253 . Thermal 509 | 87 422 . Explosive . | . . . Electromagnetic . | . . . Impact . | . . . Slashing . | . . . Piercing . | . . . Highest Corruption . | . . . Average Corruption . | . . . Corruption Purged . | . . . Corruption Blocked . | . . . Overload Shots . | . . . Overflow Damage . | . . . Projectiles . | . . . Explosions . | . . . Melee . | . . . Knockbacks . | . . . Impact . | . . . Kinetic . | . . . Secondary . | . . . Self-Inflicted Damage . | . . . Shots . | . . . Rammed 4 | . 4 . Targets Rammed 5 | . 5 . Kicked . | . . . Crushed 1 | . 1 . Highest Temperature 207 | . 207 . Average Temperature 65 | . 65 . Received Heat Transfer 654 | . 645 9 Siege Activations . | . . . Robots Corrupted . | . . . Combat Hostiles . | . . . Parts Fried . | . . . Impact Corruptions . | . . . Robots Melted . | . . . Combat Hostiles . | . . . Parts Melted 1 | . 1 . Heat Transferred 1265 | 200 1065 . Parts Sabotaged . | . . . Parts Stolen . | . . . Parts Stripped . | . . . Power Chain Reactions . | . . . Missiles Intercepted . | . . . Alert | -11 -10 -10 ------- Run | Jun Mat Min Peak Influence 203 | 35 203 7 Initial 22 | . 22 7 Average 27 | 13 36 6 Maximum Alert Level 1 | . 1 . Low Security (%) 98 | 100 98 100 Level 1 1 | . 1 . Level 2 . | . . . Level 3 . | . . . Level 4 . | . . . Level 5 . | . . . High Security . | . . . Max Security . | . . . Squads Dispatched 1 | . 1 . Investigation . | . . . Extermination . | . . . Reinforcement 1 | . 1 . Assault . | . . . Garrison . | . . . Intercept . | . . . Searches Triggered . | . . . Construction Impeded . | . . . Haulers Reinforced . | . . . Active Scanning Responses . | . . . Cargo Convoy Interrupts . | . . . Stealth | -11 -10 -10 --------- Run | Jun Mat Min Distress Signals . | . . . Communications Jammed . | . . . Distress Signals . | . . . Times Spotted 25 | . 21 4 Peak Tracking Total 7 | . 7 2 Tactical Retreats 1 | . 1 . Traps | -11 -10 -10 ------- Run | Jun Mat Min Traps Triggered . | . . . Indirectly . | . . . Trap Hack Attempts . | . . . Triggered . | . . . Disarmed . | . . . Reprogrammed . | . . . Reused . | . . . Traps Extracted . | . . . Installed . | . . . Triggered . | . . . Machines | -11 -10 -10 ---------- Run | Jun Mat Min Machines Disabled 1 | . 1 . Max in Single Turn 1 | . 1 . Machines Repaired . | . . . Machines Sabotaged . | . . . Overloaded Fab Kills . | . . . Hacking | -11 -10 -10 --------- Run | Jun Mat Min Machines Accessed 9 | . 9 . Terminals 6 | . 6 . Fabricators . | . . . Repair Stations 1 | . 1 . Recycling Units 2 | . 2 . Scanalyzers . | . . . Garrison Access . | . . . Total Hacks 29 | . 29 . Successful 14 | . 14 . Failed 15 | . 15 . Catastrophic 3 | . 3 . Database Lockouts . | . . . Manual 6 | . 6 . Terminals 19 | . 19 . Fabricators . | . . . Repair Stations 4 | . 4 . Recycling Units 6 | . 6 . Scanalyzers . | . . . Garrison Access . | . . . Terminal Hacks 5 | . 5 . Branch Access Points 1 | . 1 . Emergency Access Points 1 | . 1 . Unreport Threat 1 | . 1 . Locate Traps 1 | . 1 . Dispatch Records 1 | . 1 . Fabricator Hacks . | . . . Repair Station Hacks 4 | . 4 . Scan Component 2 | . 2 . Repair 2 | . 2 . Recycling Unit Hacks 5 | . 5 . Report Inventory 2 | . 2 . Retrieve Matter 1 | . 1 . Retrieve Components 2 | . 2 . Scanalyzer . | . . . Garrison Access Hacks . | . . . Unauthorized Hacks . | . . . Terminals . | . . . Fabricators . | . . . Repair Stations . | . . . Recycling Units . | . . . Scanalyzers . | . . . Garrison Access . | . . . Data Cores Recovered . | . . . Used . | . . . Hacking Detections 9 | . 9 . Full Trace Events 1 | . 1 . Feedback Events . | . . . Feedback Blocked . | . . . Robot Schematics Acquired . | . . . Robots Built . | . . . Authchips . | . . . Time . | . . . Total Robot Build Rating . | . . . Part Schematics Acquired . | . . . Parts Built . | . . . Authchips . | . . . Time . | . . . Total Part Build Rating . | . . . Parts Repaired 2 | . 2 . Time 64 | . 64 . Parts Recycled . | . . . Recycled Matter . | . . . Retrieved Matter . | . . . Retrieved Components 7 | . 7 . Parts Scanalyzed . | . . . Part Schematics Acquired . | . . . Parts Damaged . | . . . Bothacking | -11 -10 -10 ------------ Run | Jun Mat Min Used RIF Installer . | . . . Robots Hacked . | . . . Non-combat . | . . . Combat . | . . . Robot Hacks Applied . | . . . Relay Couplers Released . | . . . Fabnet Peak Effective % . | . . . Robots Rewired . | . . . Allies Hacked . | . . . Hacks Repelled . | . . . Allies | -11 -10 -10 -------- Run | Jun Mat Min Total Allies . | . . . Largest Group . | . . . Highest-Rated Group . | . . . Highest-Rated Ally . | . . . Total Orders . | . . . Ally Attacks . | . . . Total Damage . | . . . Kills . | . . . Allies Corrupted . | . . . Allies Melted . | . . . Intel | -11 -10 -10 ------- Run | Jun Mat Min Robot Analysis Total . | . . . Derelict Logs Recovered 2 | . . 2 Drone Launches . | . . . Drone Recoveries . | . . . Exploration | -11 -10 -10 ------------- Run | Jun Mat Min Turns Passed 2343 | 315 1571 457 Spaces Moved 1122 | 149 739 234 Core 12 | 5 7 . Treads 259 | 144 115 . Legs 851 | . 617 234 Wheels . | . . . Hover . | . . . Flight . | . . . Fastest Speed 50 | 50 120 190 Average Speed 175 | 156 175 190 Slowest Speed 250 | 160 250 190 Overloaded Moves . | . . . Propulsion Burnouts . | . . . Robots Hopped . | . . . Cave-ins Triggered . | . . . Exploration Rate (%) 47 | 6 91 46 Regions Visited 2 Branch Regions 1 Pre-discovered Areas 1 | . . 1 Known Exits Taken 1 | . 1 . Unknown Exits Taken 1 | 1 . . Scrap Searched . | . . . Spaces Dug . | . . . Terrain Destroyed . | . . . Melee . | . . . Projectile . | . . . AOE . | . . . Terrain Rammed . | . . . Walls Destroyed . | . . . Machines Disabled . | . . . Actions | -11 -10 -10 --------- Run | Jun Mat Min Total 1380 | 192 942 246 Wait 145 | 3 130 12 Move 1120 | 148 738 234 Hop . | . . . Pick Up 21 | 12 9 . Fast Attach 10 | 5 5 . Attach 6 | 2 4 . Detach . | . . . Swap 7 | 1 6 . Drop 10 | 2 8 . Fire 56 | 19 37 . Melee . | . . . Ram . | . . . Kick . | . . . Crush 5 | . 5 . Escape Stasis . | . . . Rewire . | . . . Trap . | . . . Miscellaneous . | . . . Route ------- -11/Junkyard -10/Materials (discovered 5 exits: *Mat x3 / *Min x2) -10/Mines (discovered 1 exit: *Mat) History --------- Turn | Location | Event 10 | -11/Junkyard | Discovered new exit (range 14) 316 | -11/Junkyard | Entered Materials 317 | -10/Materials | Build established: Mutant 590 | -10/Materials | Core integrity fell below 50% 622 | -10/Materials | Lost 4 parts (1p2n1u) 668 | -10/Materials | Core integrity fell below 20% 671 | -10/Materials | Lost 3 parts (1p1n1w) 819 | -10/Materials | Repaired Imp. Heat Sink 846 | -10/Materials | Repaired Aluminum Leg 866 | -10/Materials | Discovered new exit (range 14) 937 | -10/Materials | Build established: Scavenger-Mutant 1079 | -10/Materials | Identified exit to Materials 1135 | -10/Materials | Discovered new exit (range 8) 1146 | -10/Materials | Identified exit to Mines 1290 | -10/Materials | Discovered exit to Materials (range 14) 1328 | -10/Materials | Build established: Mutant 1547 | -10/Materials | Discovered exit to Materials (range 16) 1887 | -10/Materials | Entered Mines 2069 | -10/Mines | Assembled infested the area 2207 | -10/Mines | Learned 2 Materials zone layouts 2308 | -10/Mines | Learned location of Mines (-9) 2312 | -10/Mines | Discovered exit to Materials (range 11) 2344 | -10/Mines | Destroyed by G-47 Trooper with Particle Gun Last Messages --------------- >>Retrieve(Components) Retrieving 5 components... Imp. Terrain Scanner Ion Engine Hover Unit Hover Unit Signal Interpreter LOCATION=MINES GOAL=ESCAPE Something is scanning the area. 02069_ ALERT: Infestation in the mines, dispatching Demolisher response squad. 02081_ C-30 ARC bursts open, deploying its payload. 02081_ D-53 Grenadier unfolds itself. 02207_ Acquired derelict log, extracted data. Data stored: Materials zone layouts (x2). 02308_ Acquired derelict log, extracted data. World map updated: -9/Mines. 02312_ EXIT=FOUND: MATERIALS 02325_ K-01 Serf cleans the Core Extractor. Map ----- +----------------------------------------------------+ | ?????????????????????????????????????????????????? | | ?????????????????????????????????????????????????? | | ?????????????????????????????????????????????????? | | ?????????????????????????????????????????????????? | | ?????????????????????????????????????????????????? | | ?????????????????????????????????????????????????? | | ?????????????????????????????????????????????????? | | ?????????????????????????????????????????????????? | | ?????????????????????????????????????????????????? | | ?????????????????????????????????????????????????? | | ?????????????????????????????????????????????????? | | ?????????????????????????????????????????????????? | | ?????????????????????????????????????????????????? | | ?????????????????????????????????????????????????? | | ?????????????????????????????????????????????????? | | ???????????#?????????????????????????????????????? | | ???????????# ????????????????????????????????????? | | ???????????# ????????????????????????????????????? | | ???????????# ????????????????????????????????????? | | ???????????# ???????????????????????????????????? | | ???????????# ???????############????????????????? | | ???????????# ######## #????????????????? | | ###????????# """ #????????????????? | | ##???????# """ #????????????????? | | #???????#### ###### """ #????????????????? | | ##??###????# #????# k@ < #????????????????? | | #?## #????# #????# """ #????????????????? | | # #?# ##???# #????# """ g #????????????????? | | # ### ##??# #????# """ #????????????????? | | ## #??# #????# g ??????????????? | | ##?# #????# ####?????????????? | | ### #????# #????????????????? | | ##???############????????????????? | | ### ##??????????????????????????????? | | ??## ####???????????????????????????? | | ???## ##### ##??????????????????????????? | | ????## ##???## #??????????????????????????? | | ?????#####?????## #??????????????????????????? | | ????????????????# #??????????????????????????? | | ????????????????# ##?????????????????????????? | | ????????????????# ###???????????????????????? | | ????????????????# ##??????????????????????? | | ????????????????# ##?????????????????????? | | ????????????????# ##????????????????????? | | #######?????????# ### ##???????????????????? | | #?????????# ##?## ##??????????????????? | | ##### ########### ##???## ##?????????????????? | | ????# ##?????## #?????????????????? | | ????# ########### #???????# #?????????????????? | | ????# #####?????# #???????# #?????????????????? | +----------------------------------------------------+ Best States ------------- Heat Dissipation 39 Energy Generation 10 Energy Capacity 250 Matter Stores 300 Matter Capacity 300 Sight Range 16 Terrain Scan Range 16 Terrain Scan Density 10 Evasion (%) 55 Recoil Reduction 2 Item Schematics ----------------- None Robot Schematics ------------------ None Fabricated ------------ Nothing Alien Tech Used ----------------- None Achievements -------------- None Challenges ------------ None Game ------ Seed MiniGrapheneRecalibrator Manual? 0 Play Time 00:18:24 Cumulative 17.6 hours Start 2024.02.11 @ 01:48:14 End 2024.02.11 @ 02:05:03 Sessions 1 Manual Loads 0 Difficulty Rogue Special Mode None Game No. 11 Rogue 11 Adventurer 0 Explorer 0 Win Type - Total 0 Types 0/0/0/0/0/0/0/0/0 Lore% 20 Gallery% 21 Achievement% 18 Wizard Run 0 Options --------- ASCII 0 Keyboard 0 Movement Numpad Keybinds 0 Fullscreen 1 Font 18/SmallcapsGlow Map View 76x50 Tactical HUD 1 Map Filters NONE Filters NONE Steam 1 RUN: b5a34385-0c9e-410b-8530-673ae57ef941